 Dungeon Crawl Stone Soup version 0.31.0-9-g3a7656b989 (webtiles) character file.

Game seed: 14002241923631742520

14 Colgate the Trooper (level 2, 26/27 HPs)
             Began as a Minotaur Fighter on Jan 24, 2024.
             Was a Follower of Sif Muna.
             Quit the game on level 1 of the Dungeon.
             The game lasted 00:00:24 (413 turns).

Colgate the Trooper (Minotaur Fighter)               Turns: 413, Time: 00:00:25

Health: 26/27      AC:  7    Str: 20    XL:     2   Next: 31%
Magic:  1/1        EV:  9    Int:  5    God:    Sif Muna [*.....]
Gold:   0          SH:  4    Dex:  9    Spells: 1/1 levels left

rFire   . . .        a - +0 war axe
rCold   . . .        c - +0 buckler
rNeg    . . .        b - +0 scale mail
rPois   .            (helmet restricted)
rElec   .            (no cloak)
rCorr   .            (no gloves)
SInv    .            (no boots)
Will    .....        (no amulet) Stlth
                     (no ring)
HPRegen 0.24/turn    (no ring)
MPRegen 0.07/turn

%: no passive effects
@: no status effects
A: horns 2, retaliatory headbutt
a: Renounce Religion, Channel Magic


You were on level 1 of the Dungeon.
You worshipped Sif Muna.
Sif Muna was aware of your devotion.
You visited 1 branch of the dungeon, and saw 1 of its levels.

Inventory:

Hand Weapons
 a - a +0 war axe (weapon)
Armour
 b - a +0 scale mail (worn)
 c - a +0 buckler (worn)
Scrolls
 f - a scroll of identify {unknown}
Potions
 d - 2 potions of might {@q3}
 e - a potion of enlightenment {unknown}


   Skills:
 + Level 3.9 Fighting
 + Level 2.7 Axes
 + Level 3.9 Armour
 + Level 3.9 Shields


You had one spell level left.
You didn't know any spells.
Your spell library contained the following spells:

 Spells                   Type           Power      Damage    Failure   Level
 Cigotuvi's Dreadful Rot  Necr/Alch/Air  0%         N/A       95%         2
 Dispel Undead            Necr           0%         3d6       100%        4
 Martyr's Knell           Necr/Summ      0%         N/A       100%        4
 Death Channel            Necr           0%         N/A       100%        6


Dungeon Overview and Level Annotations

Branches:
Dungeon (1/15)

Altars:
Sif Muna


Innate Abilities, Weirdness & Mutations

You have a pair of horns on your head.
You reflexively headbutt those who attack you in melee.


Message History

You hit the quokka. You headbutt the quokka.
You kill the quokka!
Key pressed, stopping explore.
No target in view!
Key pressed, stopping explore.
No target in view!
Key pressed, stopping explore.
No target in view!
f - a scroll labelled RAQICA NYDWE No target in view!
A hobgoblin comes into view.
The hobgoblin shouts!
The hobgoblin hits you but does no damage.
Found a scale mail.
The hobgoblin misses you.
You barely miss the hobgoblin.
The hobgoblin hits you but does no damage.
You slash the hobgoblin!
You kill the hobgoblin!
You see here a rat corpse.
You see here a hobgoblin corpse.
You open the door.
An endoplasm and a goblin come into view.
The endoplasm quivers.
The goblin shouts!
There is an open door here.
The endoplasm jiggles.
The goblin hits you but does no damage. As you open the door, it creaks loudly!
The goblin barely misses you.
Found a faded altar of an unknown god.
You block the goblin's attack.
The endoplasm attacks as it pursues you!
The endoplasm hits you.
There is an open door here.
There is a faded altar of an unknown god here.
This altar belongs to (a) Sif Muna, (b) Okawaru or (c) Ignis, but you can't tell which.
Press the corresponding letter to learn more about a god, or press enter to convert or escape to cancel.
Sif Muna accepts your prayer! Sif Muna welcomes you!
You can now call upon Sif Muna for magical energy.
The goblin closely misses you.

### ..# .#########.#
#.#.......#.########### ###.#
.....#...##(.....# #...#
###..#...##.####.# #.#.#
#@gJ.'...##.# #.# ####.#.#
###..#...##.## #.# ##.##...#
.....#†......###.#
#.......#.......#.........#.#
##.##.#.#########....#......#
#.##.#...........##.##.#.###
#.##.###.##..######.##.#.#
#.##.........# #.##.#.#
#.##########+# #.##.#.#


You could see an endoplasm and a goblin.

Vanquished Creatures
  4 giant cockroaches (D:1)
  A goblin (D:1)
  3 hobgoblins (D:1)
  2 quokkas (D:1)
  A rat (D:1)
11 creatures vanquished.

Notes
Turn   | Place    | Note
-------+----------+-------------------------------------------
     0 | D:1      | Colgate the Minotaur Fighter began the quest for the Orb.
     0 | D:1      | Reached XP level 1. HP: 19/19 MP: 0/0
   104 | D:1      | Reached XP level 2. HP: 27/27 MP: 1/1
   409 | D:1      | Found a faded altar of an unknown god.
   412 | D:1      | Prayed at the altar of an unknown god.
   412 | D:1      | Became a worshipper of Sif Muna the Loreminder
   412 | D:1      | Reached * piety under Sif Muna
   413 | D:1      | Quit the game

Illustrated notes

Levels and vault maps discovered:
D:1:      psy_arrival_statuary, layout_loops_corners,
          hellmonk_ecumenical_altar_inner_sanctum

Action                     || total
---------------------------++-------
  Melee: War axe           ||    26
         Headbutt          ||     6
 Armour: Scale mail        ||    16
  Dodge: Dodged            ||    10
  Block: Buckler           ||     6
